 Dungeon Crawl Stone Soup version 0.22.0-38-g04b72b8 (webtiles) character file.

75751 troglodite the Blocker (level 15, 0/117 HPs)
             Began as a Demonspawn Berserker on Aug 28, 2018.
             Was a Priest of Trog.
             Killed by the raging water
             ... invoked by a water nymph
              (18 damage)
             ... on level 2 of the Shoals on Aug 29, 2018.
             The game lasted 01:44:45 (32046 turns).

troglodite the Blocker (Demonspawn Berserker)      Turns: 32046, Time: 01:44:46

Health: 0/117      AC: 35    Str: 24    XL:     15   Next: 10%
Magic:  5/5        EV: 12    Int:  8    God:    Trog [***...]
Gold:   2537       SH: 20    Dex: 18    Spells: 14/14 levels left

rFire    . . .     SeeInvis +   j - +5 demon blade (antimagic)
rCold    . . .     Gourm    .   u - +0 large shield
rNeg     . . .     Faith    .   T - +8 chain mail {rPois}
rPois    +         Spirit   .   A - +0 helmet
rElec    .         Reflect  .   M - +2 cloak {+Inv}
rCorr    .         Harm     .   z - +1 pair of gloves
MR       +++..                  X - +0 pair of boots "Zour" {SInv} (curse)
Stlth    ..........             l - amulet "Cetaer" {RegenMP rPois MR+}
HPRegen  0.29/turn              r - ring of protection from magic
MPRegen  0.34/turn              L - +5 ring of protection

@: mighty, berserk cooldown, slowed, very slow
A: talons 2, icy blue scales 1, demonic guardian 1, powered by pain 2
a: Berserk, Trog's Hand, Renounce Religion, Evoke Invisibility


You were on level 2 of the Shoals.
You worshipped Trog.
Trog was most pleased with you.
You were near starving.

You visited 4 branches of the dungeon, and saw 23 of its levels.
You also visited: Ossuary and Volcano.

You collected 2537 gold pieces.

Inventory:

Hand Weapons
 a - a +0 falchion
 j - a +5 antimagic demon blade (weapon)
 F - a +2 falchion of freezing
 P - the +1 short sword of the Egg {pierce, rPois Stlth+}
   (Trog gifted it to you on level 2 of the Orcish Mines)

   It inflicts extra damage upon your enemies.
   It protects you from poison.
   It makes you more stealthy.
 Q - a +2 hand crossbow of freezing
Missiles
 R - 328 bolts
Armour
 u - a +0 large shield (worn)
 z - a +1 pair of gloves (worn)
 A - a +0 helmet (worn)
 H - a +2 hat
 M - a +2 cloak of invisibility (worn)
 T - a +8 chain mail of poison resistance (worn)
 X - the cursed +0 pair of boots "Zour" (worn) {SInv}
   (You found it in a volcano)

   It lets you see invisible.
   It has a curse placed upon it.
Jewellery
 l - the amulet "Cetaer" (around neck) {RegenMP rPois MR+}
   (You acquired it on level 1 of the Shoals)

   [amulet of magic regeneration]

   It increases your magic regeneration.
   It protects you from poison.
   It affects your resistance to hostile enchantments.
 r - a ring of protection from magic (left hand)
 y - a +2 ring of evasion
 B - an uncursed ring of see invisible
 D - a +3 amulet of reflection
 E - an uncursed amulet of faith
 L - a +5 ring of protection (right hand)
 O - an uncursed ring of positive energy
 S - an uncursed ring of protection from fire
Wands
 h - a wand of digging (20)
Scrolls
 e - 6 scrolls of teleportation
 g - 2 scrolls of fog
 i - 2 scrolls of magic mapping
 n - 5 scrolls of fear
 p - 10 scrolls of remove curse
 K - 2 scrolls of brand weapon {unknown}
 U - a scroll of holy word {unknown}
 V - 3 scrolls of enchant weapon {unknown}
Potions
 b - 4 potions of brilliance
 d - 3 potions of resistance
 f - 5 potions of heal wounds
 k - 5 potions of lignification
 m - 6 potions of curing
 o - a potion of magic
 q - 5 potions of haste
 s - 3 potions of flight
 v - 2 potions of ambrosia
 C - 3 potions of agility
 G - 3 potions of invisibility
 J - a potion of might
 N - 3 potions of cancellation
 W - 2 potions of berserk rage
Comestibles
 c - 32 rations
 t - 6 chunks of flesh


   Skills:
 * Level 10.5 Fighting
 - Level 6.7(9.0) Short Blades
 + Level 9.2(10.1) Long Blades
 * Level 4.4 Crossbows
 * Level 10.6 Armour
 * Level 9.3 Dodging
 * Level 14.3 Shields


You had 14 spell levels left.
You didn't know any spells.
Your spell library was empty.

Dungeon Overview and Level Annotations

Branches:
Dungeon (13/15)            Temple (0/1) D:7            Lair (6/6) D:10
 Shoals (2/4) Lair:3        Snake (0/4) Lair:3        Slime (0/5) Lair:6
    Orc (2/2) D:12            Elf (0/3) Orc:2        Vaults (0/5) D:13

Altars:
Okawaru
Vehumet
Beogh

Shops:
D:7 [   Orc:2 (**(:

Annotations:
Shoals:2 exclusion: Roxanne, Roxanne


Innate Abilities, Weirdness & Mutations

You have razor-sharp toenails.
You are partially covered in icy blue scales. (AC +2)
A weak demonic guardian rushes to your aid.
You sometimes gain power by taking damage.


Message History

The volley of spikes hits you! The water nymph touches you.
The water nymph drowns you!
* * * LOW HITPOINT WARNING * * *
The harpy screeches!
The harpy claws your shadow imp!
Your shadow imp dies!
You block the harpy's attack. The harpy claws you but does no damage.
The harpy closely misses you. You block the harpy's attack.
Your black bear barely misses the harpy.
Your black bear claws the harpy. x2
Splash!
You fall into the shallow water.
Moving in this stuff is going to be slow.
Your black bear bites the harpy!
Your black bear claws the harpy.
Your black bear barely misses the harpy.
The harpy claws your black bear!
The harpy barely misses your black bear.
The water nymph gestures at you while chanting.
The water swirls and strikes you!
You die...

.....≈≈≈≈≈≈≈≈≈≈≈≈
...........≈≈≈≈≈
#..........≈≈≈≈ .
#.....†8...≈≈≈≈
..#..........≈≈≈≈
......H≈≈≈≈.≈≈≈≈≈
.......H≈≈≈.≈≈≈≈≈
#.....Hm≈≈≈≈≈≈≈≈≈
......H@(≈≈≈≈≈≈≈≈
#...≈..h.≈≈≈≈≈≈≈≈
.##......≈≈≈≈≈≈≈≈
.........≈≈≈≈≈≈≈≈
.........≈≈≈≈≈≈≈≈
.......≈≈≈≈≈≈≈≈≈
###.....≈≈≈≈≈≈≈
.......≈≈≈≈≈≈


You could see Roxanne, a manticore, a water nymph, 3 harpies and a friendly
black bear (berserk).

Vanquished Creatures
  Gastronok (D:8)
  A red draconian (Volcano)
  A merfolk impaler (Shoals:1)
  A fire dragon (Lair:6)
  Fannar (Lair:1)
  3 hydras
  A vault guard (D:13)
  3 two-headed ogres
  A catoblepas (Lair:2)
  A tengu warrior (Shoals:1)
  A satyr (Shoals:1)
  An orc high priest (Orc:2)
  A salamander mystic (Volcano)
  An unseen horror (D:11)
  A sea snake (Shoals:1)
  A lindwurm (Lair:6)
  A harpy (Shoals:2)
  3 wizards (D:13)
  A necromancer (Lair:4)
  Pikel (D:7)
  An ugly thing (D:12)
  2 cyclopes
  3 oklob plants
  5 manticores (Shoals:1)
  A deep elf mage (D:13)
  2 fauns (Shoals:1)
  4 salamanders (Volcano)
  A black mamba (Lair:4)
  Joseph (D:7)
  3 merfolk sirens (Shoals:1)
  2 gargoyles (D:11)
  4 torpor snails (Lair:6)
  A water nymph (Shoals:1)
  7 spiny frogs
  4 rime drakes
  A kobold demonologist (D:12)
  4 komodo dragons
  8 trolls
  A tengu conjurer (Shoals:1)
  A merfolk (Shoals:1)
  2 polar bears
  8 hornets
  4 tyrant leeches (Lair:6)
  Prince Ribbit (D:6)
  12 hippogriffs
  2 snapping turtles
  9 blink frogs
  3 dream sheep (Shoals:1)
  2 wraiths
  3 wyverns
  4 water elementals (Shoals:1)
  23 yaks
  17 humans
  3 hogs (D:9)
  6 basilisks
  4 hungry ghosts
  A steam dragon (Lair:6)
  Menkaure (D:7)
  2 acid dragons (Lair:6)
  2 wargs
  8 porcupines
  12 water moccasins
  3 sky beasts
  2 black bears (Lair:5)
  42 orc warriors
  2 ice beasts (D:6)
  A hornet zombie (D:7)
  5 ogres
  3 phantoms
  2 elephant zombies (Lair:4)
  2 boggarts (D:12)
  24 centaurs
  8 wolves (Lair:4)
  8 crocodiles
  An elf zombie (D:4)
  2 gnoll sergeants
  2 elf skeletons (D:4)
  13 bullfrogs
  A water moccasin zombie (Ossuary)
  A wyvern skeleton (D:7)
  A water moccasin skeleton (D:7)
  A scorpion (D:7)
  8 wights
  3 electric eels
  4 howler monkeys
  A centaur zombie (D:7)
  4 crimson imps
  2 quasits
  A bullfrog zombie (D:12)
  2 jellies
  5 hounds
  12 orc priests
  A human zombie (D:4)
  30 orc wizards
  A bullfrog skeleton (D:10)
  3 centaur skeletons
  4 iguanas
  An iguana (shapeshifter) (D:13)
  13 worker ants
  2 hell rats (Lair:2)
  A human skeleton (D:4)
  2 big kobold zombies (Ossuary)
  A hound zombie (D:9)
  2 mummies (Ossuary)
  4 worker ant zombies
  12 gnolls
  14 adders
  A gnoll (shapeshifter) (D:11)
  9 river rats (Lair:2)
  6 shadow imps
  2 oozes
  6 adder zombies (Ossuary)
  2 adder skeletons
  5 worms
  5 dart slugs
  6 leopard geckos
  83 orcs
  4 bats
  13 giant cockroaches
  4 gnoll zombies (Ossuary)
  6 goblins
  8 hobgoblins
  10 jackals
  7 kobolds
  5 quokkas
  4 frilled lizards
  5 hobgoblin zombies (Ossuary)
  4 kobold zombies (Ossuary)
  An orc skeleton (D:4)
  4 orc zombies (Ossuary)
  9 rats
  A fungus (Lair:2)
  2 plants
680 creatures vanquished.

Vanquished Creatures (collateral kills)
  An orc warlord (Orc:2)
  A deep elf annihilator (D:12)
  Snorg (D:11)
  A fire dragon (Lair:6)
  A vault guard (D:13)
  2 ogre magi (D:12)
  Sonja (D:13)
  A swamp dragon (Lair:6)
  2 wizards
  2 necromancers
  An orc sorcerer (Orc:1)
  2 orc knights (Orc:2)
  5 oklob plants (Lair:6)
  2 deep elf magi (D:12)
  2 salamanders (Volcano)
  A black mamba (Lair:6)
  A centaur zombie (D:10)
  A centaur skeleton (D:12)
  A spiny frog (Lair:1)
  A torpor snail (Lair:6)
  A komodo dragon (Lair:2)
  A kobold demonologist (D:12)
  A rime drake (Lair:6)
  2 tengu conjurers (D:12)
  A troll (Orc:2)
  A hornet (Lair:6)
  A hippogriff (Lair:3)
  A blink frog (Lair:6)
  A snapping turtle (Shoals:1)
  A dream sheep (Shoals:1)
  2 basilisks (Lair:6)
  2 humans (D:13)
  A warg (Orc:2)
  11 orc warriors
  A swamp drake (Lair:6)
  2 boggarts (D:12)
  A necrophage (D:9)
  A wolf (Lair:4)
  A phantom (D:8)
  2 centaurs
  2 orc priests (Orc:2)
  A basilisk zombie (Lair:4)
  4 orc wizards (Orc:2)
  A leopard gecko (D:7)
  28 orcs
  A jackal skeleton (D:4)
  An orc zombie (Ossuary)
103 creatures vanquished.

Vanquished Creatures (others)
  2 orcs
  11 fungi
  28 plants (Lair:6)
41 creatures vanquished.

Grand Total: 824 creatures vanquished

Notes
Turn   | Place    | Note
-------+----------+-------------------------------------------
     0 | D:1      | troglodite the Demonspawn Berserker began the quest for the Orb.
     0 | D:1      | Reached XP level 1. HP: 18/18 MP: 1/1
    81 | D:1      | Gained mutation: You have sharp toenails. [demonic ancestry]
    81 | D:1      | Reached XP level 2. HP: 15/24 MP: 2/2
   269 | D:1      | Reached XP level 3. HP: 23/29 MP: 3/3
   373 | D:1      | Reached ** piety under Trog
  1075 | D:2      | Reached XP level 4. HP: 30/37 MP: 4/4
  1627 | D:3      | Gained mutation: A weak demonic guardian rushes to your aid. [demonic ancestry]
  1627 | D:3      | Reached XP level 5. HP: 42/42 MP: 5/5
  1799 | D:3      | You fall through a shaft for 2 floors!
  1799 | D:5      | Entered Level 5 of the Dungeon
  1813 | D:4      | Reached skill level 1 in Short Blades
  1942 | D:4      | Found a sand-covered staircase.
  1968 | D:4      | Gained mutation: You have razor-sharp toenails. [demonic ancestry]
  1968 | D:4      | Reached XP level 6. HP: 31/49 MP: 6/6
  2134 | D:4      | Reached skill level 1 in Shields
  2204 | Ossuary  | Entered an ossuary
  2215 | Ossuary  | Reached *** piety under Trog
  2796 | Ossuary  | Gained mutation: You sometimes gain a little power by taking damage. [demonic ancestry]
  2796 | Ossuary  | Reached XP level 7. HP: 55/55 MP: 7/7
  3079 | D:4      | Reached skill level 2 in Shields
  3163 | D:4      | Reached **** piety under Trog
  3886 | D:5      | Reached skill level 5 in Fighting
  3912 | D:5      | Reached skill level 3 in Shields
  4487 | D:6      | Gained mutation: You are partially covered in icy blue scales. (AC +2) [demonic ancestry]
  4487 | D:6      | Reached XP level 8. HP: 62/62 MP: 8/8
  4660 | D:6      | Noticed Prince Ribbit
  4666 | D:6      | Killed Prince Ribbit
  4684 | D:6      | Reached skill level 4 in Shields
  4705 | D:6      | Reached skill level 5 in Armour
  5069 | D:6      | Found an iron altar of Okawaru.
  5609 | D:7      | Noticed a hippogriff
  5614 | D:7      | Killed a hippogriff
  5614 | D:7      | Gained mutation: You sometimes gain power by taking damage. [demonic ancestry]
  5614 | D:7      | Reached XP level 9. HP: 67/68 MP: 9/9
  5692 | D:7      | Noticed Menkaure
  5702 | D:7      | Killed Menkaure
  5702 | D:7      | Reached skill level 5 in Shields
  5812 | D:7      | Found Wirgh's Armour Shop.
  6031 | D:7      | Noticed Pikel
  6037 | D:7      | Killed Pikel
  6037 | D:7      | Reached skill level 5 in Short Blades
  6037 | D:7      | Reached skill level 6 in Shields
  6139 | D:7      | Noticed Joseph
  6152 | D:7      | Killed Joseph
  6166 | D:7      | Found a staircase to the Ecumenical Temple.
  6390 | D:8      | Reached skill level 5 in Dodging
  6398 | D:8      | Reached ***** piety under Trog
  6407 | D:8      | Noticed Gastronok
  6425 | D:8      | Killed Gastronok
  6425 | D:8      | Reached skill level 7 in Shields
  6425 | D:8      | Reached XP level 10. HP: 77/77 MP: 10/10
  6470 | D:8      | Noticed a two-headed ogre
  6477 | D:8      | Killed a two-headed ogre
  6796 | D:8      | Reached skill level 8 in Shields
  7438 | D:9      | Reached XP level 11. HP: 84/84 MP: 11/11
  7654 | D:10     | Entered Level 10 of the Dungeon
  7679 | D:10     | Noticed an oklob plant
  7681 | D:10     | Found a staircase to the Lair.
  7702 | D:10     | Killed an oklob plant
  7702 | D:10     | Reached skill level 9 in Shields
  7895 | D:10     | Received a gift from Trog
  8663 | D:11     | Noticed Snorg
  9123 | D:11     | Killed Snorg
  9734 | D:11     | Noticed a two-headed ogre
  9744 | D:11     | Killed a two-headed ogre
  9744 | D:11     | Reached skill level 10 in Shields
  9869 | D:11     | Noticed an unseen horror
  9901 | D:11     | Killed an unseen horror
 11049 | D:12     | Reached XP level 12. HP: 84/92 MP: 12/12
 11064 | D:12     | Received a gift from Trog
 11239 | D:12     | Reached ****** piety under Trog
 11266 | D:12     | Found a transporter.
 11272 | D:12     | Found a radiant altar of Vehumet.
 11279 | D:12     | Noticed an ogre mage
 11281 | D:12     | Noticed an ogre mage
 11284 | D:12     | Killed an ogre mage
 11284 | D:12     | Reached skill level 5 in Long Blades
 11290 | D:12     | Noticed a deep elf annihilator
 11298 | D:12     | Killed an ogre mage
 11765 | D:12     | Reached skill level 11 in Shields
 11957 | D:12     | Found a staircase to the Orcish Mines.
 12032 | D:12     | Killed a deep elf annihilator
 12196 | D:12     | Found a transporter.
 12630 | D:13     | Noticed Sonja
 12664 | D:13     | Killed Sonja
 12895 | D:13     | Noticed a two-headed ogre
 12913 | D:13     | Killed a two-headed ogre
 13488 | D:13     | Found a gate to the Vaults.
 13488 | D:13     | Noticed a vault guard
 13488 | D:13     | Noticed a vault guard
 13492 | D:13     | Killed a vault guard
 13494 | D:13     | Reached skill level 12 in Shields
 13496 | D:13     | Killed a vault guard
 13501 | D:13     | Reached XP level 13. HP: 100/100 MP: 13/13
 14326 | Orc:1    | Entered Level 1 of the Orcish Mines
 14788 | Orc:1    | Received a gift from Trog
 15038 | Orc:1    | Found a roughly hewn altar of Beogh.
 15297 | Orc:1    | Found a roughly hewn altar of Beogh.
 15367 | Orc:2    | Entered Level 2 of the Orcish Mines
 15419 | Orc:1    | Received a gift from Trog
 16188 | Orc:2    | Found a roughly hewn altar of Beogh.
 16286 | Orc:2    | Found a staircase to the Elven Halls.
 16652 | Orc:2    | Noticed an orc warlord
 16665 | Orc:2    | Killed an orc warlord
 16944 | Orc:2    | Received a gift from Trog
 16959 | Orc:2    | Got an ancient short sword {god gift}
 17008 | Orc:2    | Identified the +1 short sword of the Egg {pierce, rPois Stlth+} (Trog gifted it to you on level 2 of the Orcish Mines)
 18024 | Orc:2    | Found Bobe's Book Emporium.
 18089 | Orc:2    | Received a gift from Trog
 18100 | Orc:2    | Reached skill level 13 in Shields
 18170 | Orc:2    | Found Ugeteq's Assorted Antiques.
 18170 | Orc:2    | Found Vubeylob's Assorted Antiques.
 18172 | Orc:2    | Found Xidwipp's Weapon Emporium.
 18174 | Orc:2    | Found Emehi's Antique Weapon Shop.
 18436 | Lair:1   | Entered Level 1 of the Lair of Beasts
 18991 | Lair:1   | Noticed Fannar
 19015 | Lair:1   | Killed Fannar
 19187 | Lair:1   | Found an iron altar of Okawaru.
 19674 | Lair:2   | Reached skill level 1 in Crossbows
 21004 | Lair:3   | Found a dark tunnel.
 21022 | Volcano  | Entered a volcano
 21041 | Volcano  | Found a burning altar of Makhleb.
 21054 | Volcano  | Noticed a red draconian
 21078 | Volcano  | Killed a red draconian
 21345 | Volcano  | Reached XP level 14. HP: 86/108 MP: 4/14
 21379 | Volcano  | Got a pair of shimmering boots
 21403 | Volcano  | Identified the cursed +0 pair of boots "Zour" {SInv} (You found it in a volcano)
 22093 | Lair:3   | Received a gift from Trog
 22179 | Lair:3   | Found a staircase to the Snake Pit.
 22265 | Lair:3   | Reached skill level 10 in Armour
 22711 | Lair:3   | Found a staircase to the Shoals.
 24867 | Lair:5   | Received a gift from Trog
 25795 | Lair:6   | Entered Level 6 of the Lair of Beasts
 26584 | Lair:6   | Reached skill level 10 in Fighting
 27375 | Lair:6   | Found a staircase to the Slime Pits.
 27769 | Lair:6   | Paralysed by a hornet for 2 turns
 28089 | Lair:6   | Reached skill level 14 in Shields
 28548 | Lair:6   | Found a runed door.
 30195 | Shoals:1 | Entered Level 1 of the Shoals
 31282 | Shoals:1 | Identified a scroll of acquirement
 31285 | Shoals:1 | Got a smoking zirconium amulet
 31287 | Shoals:1 | Identified the amulet "Cetaer" {RegenMP rPois MR+} (You acquired it on level 1 of the Shoals)
 31443 | Shoals:1 | Reached XP level 15. HP: 111/117 MP: 5/15
 32021 | Shoals:2 | Noticed Roxanne
 32046 | Shoals:2 | Killed from afar by a water nymph

Skill      XL: |  1  2  3  4  5  6  7  8  9 10 11 12 13 14 |
---------------+-------------------------------------------+-----
Armour         | 2 3 4 5 6 7 8 9 10 | 10.6
Dodging        | 2 3 4 5 6 7 8 9 |  9.3
Long Blades    | 3 4 6 7 9 |  9.2
Fighting       | 4 5 6 7 8 9 10 | 10.5
Short Blades   | 1 2 3 4 5 6 |  6.7
Shields        | 1 3 4 7 8 10 12 13 14 | 14.3
Crossbows      | 2 4 |  4.4

Action                   |  1- 3 |  4- 6 |  7- 9 | 10-12 | 13-15 || total
-------------------------+-------+-------+-------+-------+-------++-------
Melee: Falchion          |    65 |       |       |   637 |   520 ||  1222
       Kick              |    22 |    84 |   112 |   376 |   287 ||   881
       Short sword       |    50 |   217 |   389 |   235 |    57 ||   948
       Demon blade       |       |       |       |       |  1130 ||  1130
Invok: Berserk           |     1 |     2 |     8 |    20 |    19 ||    50
       Brothers in Arms  |       |       |       |     3 |    11 ||    14
  Use: Scroll            |       |     8 |     3 |     7 |    24 ||    42
       Potion            |       |       |       |     2 |       ||     2
 Stab: Distracted        |       |       |     4 |     4 |    16 ||    24
  Eat: Chunk             |     1 |     4 |    16 |    34 |    52 ||   107
       Ration            |       |     1 |     1 |     5 |     9 ||    16
Armor: Chain mail        |    88 |    89 |   122 |    61 |   543 ||   903
       Plate armour      |       |       |       |   320 |   158 ||   478
       Skin              |       |       |       |     6 |       ||     6
Dodge: Dodged            |    52 |    28 |    66 |   233 |   449 ||   828
Block: Large shield      |       |    85 |   272 |   842 |  1752 ||  2951
       Rpst.: Falchion   |     7 |       |       |    47 |    33 ||    87
       Demon blade       |       |       |       |       |    76 ||    76
